 Dungeon Crawl Stone Soup version 0.22-a0-782-g038298e (webtiles) character file.

207 Kuinu the Firebug (level 5, -2/38 HPs)
             Began as a Draconian Fire Elementalist on July 20, 2018.
             Killed by divine providence
             ... invoked by an orc priest
              (10 damage)
             ... on level 4 of the Dungeon.
             The game lasted 00:13:05 (5119 turns).

Kuinu the Firebug (Draconian Fire Elementalist)     Turns: 5119, Time: 00:13:06

Health: -2/38      AC:  5    Str: 12    XL:     5   Next: 54%
Magic:  4/9        EV: 12    Int: 16    God:
Gold:   102        SH:  0    Dex: 12    Spells: 4/10 levels left

rFire    + . .     SeeInvis .   p - +0 quarterstaff (curse)
rCold    . . .     Gourm    .   (shield currently unavailable)
rNeg     . . .     Faith    .   (armour unavailable)
rPois    .         Spirit   .   (helmet restricted)
rElec    .         Reflect  .   (no cloak)
rCorr    .         Harm     .   (no gloves)
MR       .....                  (no boots)
Stlth    +.........             (no amulet)
HPRegen  0.12/turn              f - +2 ring of strength
MPRegen  0.11/turn              j - ring of protection from fire

@: confused, very slightly contaminated
A: unfitting armour, cold-blooded, AC +5
a: no special abilities


You were on level 4 of the Dungeon.
You were not hungry.

You visited 1 branch of the dungeon, and saw 4 of its levels.

You collected 102 gold pieces.

Inventory:

Hand Weapons
 a - a +0 dagger
 p - a cursed +0 quarterstaff (weapon)
Missiles
 h - 46 stones (quivered)
 q - 4 tomahawks
Jewellery
 f - a +2 ring of strength (left hand)
 j - a ring of protection from fire (right hand)
Scrolls
 c - 3 scrolls of enchant weapon {unknown}
 d - a scroll of blinking {unknown}
 e - 3 scrolls of teleportation
 m - a scroll of random uselessness {unknown}
 n - 3 scrolls of identify {unknown}
 o - a scroll of remove curse {unknown}
 r - a scroll of amnesia {unknown}
 s - a scroll of fog {unknown}
Potions
 g - 2 potions of heal wounds {unknown}
 i - 3 potions of curing {unknown}
 k - a potion of resistance {unknown}
 l - a potion of cancellation {unknown}
 t - 3 potions of invisibility {unknown}
Comestibles
 b - 6 rations


   Skills:
 + Level 2.4 Dodging
 + Level 2.5 Stealth
 * Level 3.2 Spellcasting
 + Level 1.9 Conjurations
 * Level 4.5 Fire Magic


You had 4 spell levels left.
You knew the following spells:

 Your Spells              Type           Power        Failure   Level  Hunger
a - Flame Tongue          Conj/Fire      ##...        4%          1    None
b - Throw Flame           Conj/Fire      ##....       8%          2    ##.....
c - Conjure Flame         Conj/Fire      ##......     14%         3    ###....

Your spell library contained the following spells:

 Spells                   Type           Power        Failure   Level  Hunger
 Fireball                 Conj/Fire      ##........   80%         5    ######.
 Sticky Flame             Conj/Fire      ##......     43%         4    ####...
 Inner Flame              Hex/Fire       #.......     22%         3    ###....


Dungeon Overview and Level Annotations

Branches:
Dungeon (4/15)
 Temple: D:4-7

Altars:
Ashenzari


Innate Abilities, Weirdness & Mutations

Your plain brown scales are hard. (AC +5)
You cannot fit into any form of body armour.
You are cold-blooded and may be slowed by cold attacks.


Message History

The orc wizard points at you and mumbles some strange words.
You are confused.
You're too confused to cast spells.
You're too confused!
You bump into the rock wall.
You're too confused to move!
The orc wizard hits you but does no damage.
You bump into the rock wall.
The orc wizard casts a spell at you. You resist with some effort.
You barely miss the orc wizard.
Your tail-slap misses the orc wizard.
The orc wizard is heavily wounded.
The orc priest invokes the aid of Beogh against you.
Beogh smites you! The orc wizard hits you with a dagger.
* * * LOW HITPOINT WARNING * * *
The orc priest looks encouraged for a moment.
You hear a shout!
The orc priest invokes the aid of Beogh against you.
Beogh smites you!
You die...

...####.######
##...........#
#..###.####.#
#..# #.# #.#
#.## #.# #.#
##.# #.# #.##
...# .#.
#.#.## #### #
#..###.######
#..# ##)@ooo#
#.#. #.####.#
# # #.# .# ..#
o# #.# o# #.
.. # .# .#


You could see an orc priest, an orc wizard and an orc.

Vanquished Creatures
  2 orc wizards (D:3)
  5 adders
  3 oozes
  A worm (D:3)
  3 dart slugs
  2 leopard geckos
  8 orcs
  9 giant cockroaches
  7 goblins
  7 hobgoblins
  4 jackals (D:1)
  2 quokkas (D:2)
  A ball python (D:1)
  7 bats
  4 frilled lizards
  7 kobolds
  3 rats
75 creatures vanquished.

Notes
Turn   | Place    | Note
-------+----------+-------------------------------------------
     0 | D:1      | Kuinu the Draconian Fire Elementalist began the quest for the Orb.
     0 | D:1      | Reached XP level 1. HP: 14/14 MP: 3/3
   370 | D:1      | Reached XP level 2. HP: 20/20 MP: 0/5
   728 | D:1      | Reached XP level 3. HP: 26/26 MP: 4/6
  2048 | D:2      | Reached XP level 4. HP: 26/33 MP: 3/8
  2052 | D:2      | Learned a level 2 spell: Throw Flame
  2056 | D:2      | Learned a level 3 spell: Conjure Flame
  2961 | D:3      | Reached skill level 4 in Fire Magic
  3407 | D:3      | Found a shattered altar of Ashenzari.
  3629 | D:3      | Reached XP level 5. HP: 25/38 MP: 1/9
  4713 | D:4      | Noticed an ogre
  5119 | D:4      | Killed from afar by an orc priest

Vault maps used:
D:1:      ncdulo_wetmaze
D:3:      nicolae_ashenzari_panopticon
D:4:      first_ration

Skill      XL: |  1  2  3  4 |
---------------+-------------+-----
Stealth        | 2 |  2.5
Dodging        | 2 |  2.4
Fire Magic     | 4 |  4.5
Spellcasting   | 3 |  3.2
Conjurations   | |  1.9

Action                   |  1- 3 |  4- 6 || total
-------------------------+-------+-------++-------
Melee: Unarmed           |    27 |       ||    27
       Tailslap          |     3 |     6 ||     9
       Dagger            |    33 |    18 ||    51
       Quarterstaff      |       |    35 ||    35
 Cast: Flame Tongue      |    59 |    45 ||   104
       Throw Flame       |       |     8 ||     8
  Use: Scroll            |       |     2 ||     2
  Eat: Chunk             |     3 |     7 ||    10
       Ration            |       |     2 ||     2
Armor: Skin              |    17 |    20 ||    37
Dodge: Dodged            |    51 |    42 ||    93

Table legend:
 A = Spawn XP
 B = Non-spawn XP
 C = Spawn XP percentage of total XP
 D = Spawn monster count
 E = Non-spawn monster count
 F = Spawn count percentage of total count
 G = Total turns spent on level
                    A         B        C        D         E        F      G
               +---------+---------+-------+---------+---------+-------+---------
         Total |       0 |     296 |   0.0 |       0 |      75 |   0.0 |  5119
               +---------+---------+-------+---------+---------+-------+---------
           D:1 |       0 |      63 |   0.0 |       0 |      30 |   0.0 |  1346
           D:2 |       0 |      53 |   0.0 |       0 |      20 |   0.0 |  1149
           D:3 |       0 |     164 |   0.0 |       0 |      23 |   0.0 |  2218
           D:4 |       0 |      16 |   0.0 |       0 |       2 |   0.0 |   406
               +---------+---------+-------+---------+---------+-------+---------
